 Dungeon Crawl Stone Soup version 0.26-a0-652-gafc20e3620 (webtiles) character file.

Game seed: 13210581345199601356

14 Kraken2834 the Chopper (level 2, -5/27 HPs)
             Began as a Hill Orc Monk on Oct 4, 2020.
             Slain by Sigmund
             ... wielding a +0 scythe
              (6 damage)
             ... on level 2 of the Dungeon.
             The game lasted 00:01:14 (642 turns).

Kraken2834 the Chopper (Hill Orc Monk)               Turns: 642, Time: 00:01:15

Health: -5/27      AC:  3    Str: 13    XL:     2   Next: 41%
Magic:  2/2        EV: 13    Int: 10    God:
Gold:   78         SH:  0    Dex: 13    Spells: 1/1 levels left

rFire    . . .     SeeInvis .   a - +0 hand axe
rCold    . . .     Faith    .   (no shield)
rNeg     . . .     Spirit   .   b - +0 robe
rPois    .         Reflect  .   c - +0 helmet
rElec    .         Harm     .   (no cloak)
rCorr    .         Rampage  .   (no gloves)
MR       .....                  (no boots)
Stlth    ++........             (no amulet)
HPRegen  0.09/turn              (no ring)
MPRegen  0.08/turn              (no ring)

@: no status effects
A: no striking features
a: no special abilities


You were on level 2 of the Dungeon.
You visited 1 branch of the dungeon, and saw 2 of its levels.

You collected 78 gold pieces.

Inventory:

Hand Weapons
 a - a +0 hand axe (weapon)
Armour
 b - a +0 robe (worn)
 c - a +0 helmet (worn)
Scrolls
 e - a scroll of enchant weapon {unknown}
 h - 2 scrolls of teleportation {unknown}
Potions
 d - a potion of ambrosia {unknown}
 f - a potion of magic {unknown}
 g - 4 potions of flight {unknown}
 i - a potion of invisibility {unknown}
 j - 2 potions of lignification {unknown}
 k - a potion of curing {unknown}


   Skills:
 + Level 3.9 Fighting
 * Level 4.7 Axes
 - Level 2.4 Dodging
 - Level 1.5 Stealth


You had one spell level left.
You didn't know any spells.
Your spell library was empty.

Dungeon Overview and Level Annotations

Branches:
Dungeon (2/15)

Altars:

Annotations:
D:2 Sigmund


Message History

No target in view!
You now have 78 gold pieces (gained 9).
Sigmund the Dreaded comes into view.
He is wielding a +0 scythe.
Found a stone staircase leading up.
Sigmund gestures wildly while chanting.
Sigmund flickers and vanishes!
Deactivating autopickup; reactivate with Ctrl-A.
You barely miss something. Something hits you but does no damage.
You miss something. Something hits you.
You hit something. You miss something. Something barely misses you.
You hit something. Something hits you.
You completely miss something. You hit something. Something hits you.
You closely miss something. Something hits you.
You hit something but do no damage. You hit something but do no damage.
Something hits you!
* * * LOW HITPOINT WARNING * * *
You hit something. Something hits you.
You die...

# ##..####.### #.
.......#.#..
#.####..##.#.#.######
#.......#..#.#......
#...†......#.#....#
#.....)<...#.#<..
#####...#..#.#.##.#.#
.(......>..............
#######......#@########
####...#.{......
#...####...## ##### ..#
.# #


There were no monsters in sight!

Vanquished Creatures
  A dart slug (D:1)
  2 bats
  4 goblins (D:1)
  2 frilled lizards (D:1)
  A kobold (D:2)
  2 rats (D:1)
12 creatures vanquished.

Notes
Turn   | Place    | Note
-------+----------+-------------------------------------------
     0 | D:1      | Kraken2834 the Hill Orc Monk began the quest for the Orb.
     0 | D:1      | Reached XP level 1. HP: 19/19 MP: 1/1
   363 | D:1      | Reached XP level 2. HP: 27/27 MP: 2/2
   620 | D:2      | Noticed Sigmund
   641 | D:2      | HP: 1/27 [something (10)]
   642 | D:2      | Slain by Sigmund

Illustrated notes

Levels and vault maps discovered:
D:1:      minmay_arrival_checkered_box, layout_loops_cross
D:2:      layout_basic, lemuel_crystal_altar, minmay_octomino_j4, uniq_sigmund

Action                   || total
-------------------------++-------
Melee: Hand axe          ||    35
Armor: Robe              ||     5
Dodge: Dodged            ||    20

Table legend: (Time is in decaauts)
 A = Elapsed time spent in this place.
 B = Non-inter-level travel time spent in this place.
 C = Inter-level travel time spent in this place.
 D = Time resting spent in this place.
 E = Time spent auto-exploring this place.
 F = Levels seen in this place.
 G = Mean time per level.
                   A        B        C        D        E       F      G
               +--------+--------+--------+--------+--------+-----+--------+
         Total |    644 |    630 |     14 |      0 |    516 |   2 |  322.0 |
       Dungeon |    644 |    630 |     14 |      0 |    516 |   2 |  322.0 |
               +--------+--------+--------+--------+--------+-----+--------+

Top non-repeatable levels by time:
     D:1: 608 daAuts
     D:2: 36 daAuts
